 Dungeon Crawl Stone Soup version 0.29.1-1-gd02db6906a (webtiles) character file.

Game seed: 1089349307153840969

17691 raph the Fencer (level 12, -3/107 HPs)
             Began as a Minotaur Berserker on Sept 17, 2022.
             Was an Elder of Trog.
             Slain by a boulder beetle (13 damage)
             ... on level 11 of the Dungeon.
             The game lasted 00:16:54 (13708 turns).

raph the Fencer (Minotaur Berserker)               Turns: 13708, Time: 00:16:54

Health: -3/107     AC: 18    Str: 22    XL:     12   Next: 21%
Magic:  1/11       EV: 12    Int:  4    God:    Trog [****..]
Gold:   545        SH:  0    Dex: 21    Spells: 11/11 levels left

rFire   + . .      SeeInvis .   a - +5 great sword (freeze)
rCold   + + .      Faith    .   (shield currently unavailable)
rNeg    . . .      Spirit   .   D - +1 plate armour {rPois}
rPois   +          Reflect  .   (helmet restricted)
rElec   .          Harm     .   j - scarf {rC+ rF+}
rCorr   .          Rampage  .   f - +1 pair of gloves {infuse}
Will    ++...                   (no boots)
Stlth   ..........              k - amulet of the acrobat
HPRegen 1.27/turn               c - ring of protection from cold
MPRegen 0.12/turn               A - +6 ring of dexterity

@: strong-willed, on berserk cooldown, regenerating, invisible
A: horns 2, retaliatory headbutt
a: Renounce Religion, Berserk, Trog's Hand, Brothers in Arms


You were on level 11 of the Dungeon.
You worshipped Trog.
Trog was greatly pleased with you.
You visited 1 branch of the dungeon, and saw 11 of its levels.

You collected 545 gold pieces.

Inventory:

Hand Weapons
 a - a +5 great sword of freezing (weapon)
 b - the +7 sling of Oenomania {freeze, rPois Stlth+}
   (You found it on level 3 of the Dungeon)

   Any ammunition fired from it freezes those it strikes, dealing additional
   cold damage.
   It can also slow down cold-blooded creatures.
   rPois:     It protects you from poison.
   Stlth:     It makes you more stealthy.
 n - a +2 sling of freezing
 v - a +0 falchion
 w - a +0 vorpal falchion
 C - a +4 great sword
Missiles
 p - 5 javelins
 t - a throwing net (quivered)
 y - 35 poisoned darts
Armour
 f - a +1 pair of gloves of infusion (worn)
 j - a scarf of resistance (worn)
 u - a +2 chain mail of cold resistance
 D - a +1 plate armour of poison resistance (worn)
Jewellery
 c - a ring of protection from cold (left hand)
 d - a ring of poison resistance
 k - an amulet of the acrobat (around neck)
 m - a ring of magical power
 A - a +6 ring of dexterity (right hand)
 B - a ring of ice
 H - a ring of ice
Wands
 r - a wand of polymorph (9)
 s - a wand of mindburst (4)
 I - a wand of digging (2)
Scrolls
 l - 3 scrolls of magic mapping
 x - a scroll of teleportation
Potions
 e - 12 potions of curing
 g - a potion of invisibility
 h - 2 potions of magic
 i - 4 potions of haste
 o - a potion of flight
 z - 4 potions of mutation
 E - 3 potions of lignification
 F - a potion of berserk rage {unknown}
 J - a potion of ambrosia {unknown}
Miscellaneous
 G - a tin of tremorstones (1/2)


   Skills:
 + Level 10.4 Fighting
 * Level 15.7 Long Blades
 + Level 10.1 Armour
 + Level 9.3 Dodging
 + Level 5.8 Evocations


You had 11 spell levels left.
You didn't know any spells.
Your spell library was empty.

Dungeon Overview and Level Annotations

Branches:
Dungeon (11/15)            Temple (0/1) D:6            Lair (0/5) D:11
    Orc (0/2) D:11

Altars:
Ashenzari
Hepliaklqana
Kikubaaqudgha
Nemelex Xobeh


Innate Abilities, Weirdness & Mutations

You have a pair of horns on your head.
You reflexively headbutt those who attack you in melee.


Message History

The centaur completely misses you.
You hit the centaur but do no damage. You headbutt the centaur!
The centaur is heavily wounded.
The centaur misses you. The centaur kicks you.
* * * LOW HITPOINT WARNING * * *
The centaur hits you but does no damage.
The centaur barely misses you. The boulder beetle barely misses you.
You're still recovering from your berserk rage.
You slash the boulder beetle! You freeze the boulder beetle.
You headbutt the boulder beetle, but do no damage.
The boulder beetle is almost dead.
The centaur barely misses you. The centaur closely misses you.
The centaur hits you but does no damage.
The centaur kicks you but does no damage.
The boulder beetle bites you!!
* * * LOW HITPOINT WARNING * * *
Your skin crawls.
You feel strong-willed.
The centaur misses you. x2; The boulder beetle bites you!
* * * LOW HITPOINT WARNING * * *
The centaur hits you but does no damage.
The centaur kicks you but does no damage.
The boulder beetle barely misses you.
The centaur hits you but does no damage.
The centaur misses you.
You fade into invisibility!
The centaur closely misses you. The centaur misses you.
The boulder beetle misses you.
The centaur hits you but does no damage.
The centaur misses you. The centaur completely misses you. x2
You feel yourself speed up.
The centaur shoots a bolt.
The bolt misses you.
The centaur shoots a bolt.
The bolt misses you.
The boulder beetle completely misses you.
The centaur shoots a bolt.
The bolt completely misses you.
You hit the boulder beetle. You freeze the boulder beetle.
The boulder beetle is almost dead.
The boulder beetle bites you!
You die...

.###....###....###..##.## #...
.###....###....###..##..## #...
.##..#...#...#..##..###..#####...
..#..##.....##..#..#####....##...
#....###...###....###............
##...###...###...## #.......÷....
#######...##########........#(..
########......#......(.#.[)
#..@...#........#...
########.B....#........#...
.......#......#........##..
####..#.##.c...#............
......†.....................
######.########.'######.... ..
#||..# #..# #.... #.##c)..# #..#
#.... #...(#......#..# #....


You could see a boulder beetle (unable to see you) and a centaur (unable to see
you).

Vanquished Creatures
  2 hydras (D:11)
  Fannar (D:10)
  A boulder beetle (D:11)
  2 two-headed ogres
  A wizard (D:11)
  5 cyclopes (D:11)
  3 ugly things
  A manticore (D:11)
  A gargoyle (D:11)
  An unseen horror (D:11)
  Psyche (D:10)
  2 komodo dragons (D:11)
  9 trolls
  A hornet (D:7)
  Prince Ribbit (D:7)
  Sigmund (D:4)
  2 shadows
  5 yaks
  A wraith (D:9)
  A basilisk (D:9)
  2 steam dragons
  2 water moccasins
  7 vampire mosquitoes (D:11)
  2 orc warriors
  2 sky beasts
  3 ogres
  3 centaurs
  A phantom (D:5)
  5 kobold brigands
  Blork the orc (D:4)
  2 necrophages
  2 scorpions
  2 bullfrogs
  2 gnoll sergeants (D:10)
  5 wights
  11 killer bees
  4 howler monkeys
  2 jellies (D:5)
  7 orc priests
  4 hounds
  3 gnoll boudas
  3 iguanas (D:5)
  3 orc wizards
  17 gnolls
  10 adders
  2 shadow imps
  2 white imps
  3 ufetubi
  A worm (D:3)
  2 dart slugs
  27 orcs
  8 bats
  9 endoplasms
  4 giant cockroaches
  9 goblins
  8 hobgoblins
  3 jackals (D:2)
  21 kobolds
  4 quokkas
  10 ball pythons
  2 frilled lizards
  6 rats
268 creatures vanquished.

Notes
Turn   | Place    | Note
-------+----------+-------------------------------------------
     0 | D:1      | raph the Minotaur Berserker began the quest for the Orb.
     0 | D:1      | Reached XP level 1. HP: 19/19 MP: 0/0
   239 | D:1      | Reached XP level 2. HP: 27/27 MP: 1/1
   485 | D:1      | Reached skill level 4 in Long Blades
  1050 | D:1      | Reached XP level 3. HP: 33/33 MP: 2/2
  1526 | D:2      | Found a faded altar of an unknown god.
  1601 | D:2      | Reached ** piety under Trog
  1748 | D:2      | Identified a scroll of acquirement
  1748 | D:2      | Acquired a +0 pair of gloves of infusion
  2126 | D:3      | Reached XP level 4. HP: 32/40 MP: 0/3
  2373 | D:3      | Reached skill level 5 in Long Blades
  2411 | D:3      | Identified the +7 sling of Oenomania {freeze, rPois Stlth+}
  2605 | D:3      | Reached XP level 5. HP: 46/47 MP: 0/4
  2840 | D:3      | Noticed an ogre
  2845 | D:3      | Killed an ogre
  3273 | D:4      | Noticed Blork the orc
  3275 | D:4      | Reached XP level 6. HP: 55/55 MP: 3/5
  3284 | D:4      | Killed Blork the orc
  3285 | D:4      | Reached skill level 5 in Fighting
  3285 | D:4      | Reached skill level 6 in Long Blades
  3288 | D:4      | Noticed Sigmund
  3316 | D:4      | Killed Sigmund
  3943 | D:5      | Entered Level 5 of the Dungeon
  3964 | D:5      | Found a broken altar of Ashenzari.
  3973 | D:5      | Reached XP level 7. HP: 53/61 MP: 2/6
  4332 | D:5      | Reached skill level 7 in Long Blades
  4567 | D:5      | Reached skill level 5 in Armour
  4793 | D:5      | Found an ancient bone altar of Kikubaaqudgha.
  4834 | D:5      | Found a sparkling altar of Nemelex Xobeh.
  4847 | D:5      | Found a hazy altar of Hepliaklqana.
  4934 | D:5      | Reached skill level 8 in Long Blades
  4934 | D:5      | Reached skill level 5 in Dodging
  4934 | D:5      | Reached XP level 8. HP: 46/70 MP: 0/7
  6223 | D:6      | Reached skill level 9 in Long Blades
  6366 | D:6      | Noticed a two-headed ogre
  6374 | D:6      | Killed a two-headed ogre
  6375 | D:6      | Reached skill level 11 in Long Blades
  6375 | D:6      | Reached XP level 9. HP: 78/78 MP: 4/8
  6375 | D:6      | Noticed a troll
  6388 | D:6      | Killed a troll
  6389 | D:6      | Reached skill level 12 in Long Blades
  6691 | D:6      | Found a staircase to the Ecumenical Temple.
  7106 | D:7      | Reached skill level 13 in Long Blades
  7666 | D:7      | Noticed Prince Ribbit
  7671 | D:7      | Killed Prince Ribbit
  7968 | D:8      | Reached skill level 14 in Long Blades
  8100 | D:8      | Reached XP level 10. HP: 86/86 MP: 6/9
  8279 | D:8      | Reached skill level 1 in Evocations
  8823 | D:8      | Reached *** piety under Trog
 10288 | D:10     | Entered Level 10 of the Dungeon
 10288 | D:10     | Noticed Fannar
 10294 | D:10     | Killed Fannar
 10473 | D:10     | Noticed a red ugly thing
 10477 | D:10     | Killed a red ugly thing
 10869 | D:10     | Reached XP level 11. HP: 95/95 MP: 7/10
 10925 | D:10     | Noticed Psyche
 10928 | D:10     | Paralysed by Psyche for 4 turns
 10937 | D:10     | Killed Psyche
 11353 | D:11     | Found a staircase to the Lair.
 11500 | D:11     | Found a staircase to the Orcish Mines.
 11933 | D:11     | Noticed a boulder beetle
 11941 | D:11     | Killed a boulder beetle
 12275 | D:11     | Noticed a four-headed hydra
 12275 | D:11     | Noticed a five-headed hydra
 12287 | D:11     | Killed a four-headed hydra
 12288 | D:11     | Noticed a wizard
 12614 | D:11     | Noticed a four-headed hydra
 12617 | D:11     | Killed a wizard
 12637 | D:11     | HP: 1/99 [four-headed hydra (4)]
 12639 | D:11     | Killed a four-headed hydra
 12640 | D:11     | Reached skill level 5 in Evocations
 13067 | D:11     | Reached skill level 15 in Long Blades
 13342 | D:11     | Reached skill level 10 in Fighting
 13383 | D:11     | Noticed a two-headed ogre
 13390 | D:11     | Killed a two-headed ogre
 13390 | D:11     | Reached **** piety under Trog
 13399 | D:11     | Reached XP level 12. HP: 106/106 MP: 2/11
 13465 | D:11     | Reached skill level 10 in Armour
 13665 | D:11     | Identified the amulet of the Saviour {Acrobat rF+}
 13665 | D:11     | Noticed a boulder beetle
 13703 | D:11     | HP: 1/107 [boulder beetle (7)]
 13708 | D:11     | Slain by a boulder beetle

Illustrated notes

Levels and vault maps discovered:
D:1:      nagdon_arrival_zigzag_paths, layout_loops_ring, serial_forest,
          infiniplex_forest_corner_2, infiniplex_forest_corner_1,
          infiniplex_forest_straight_1, infiniplex_forest_lined_room_,
          infiniplex_forest_lined_corner
D:2:      cheibrodos_greedy_goblins, layout_rooms,
          dreamdust_ecumenical_altar_statues
D:3:      layout_basic, corexii_leaking_fountain
D:4:      layout_basic, uniq_sigmund, uniq_blork_the_orc
D:5:      layout_loops_ring, nicolae_kikubaaqudgha_miasma_corner,
          nicolae_overflow_squiral, mainiacjoe_overflow_boulevard,
          portal_sewer_entry_b
D:6:      wad_guarded_room, layout_gridville, minmay_temple_entry_proselytizer
D:7:      layout_gridville, uniq_prince_ribbit1
D:8:      layout_layer_cave
D:9:      minmay_skewed_foursquare, layout_stronghold
D:10:     layout_irregular_city, chequers_serial_rivers_micro_e, uniq_fannar,
          uniq_psyche
D:11:     layout_basic, lair_entry_dummy, minmay_orc_entry_temple_small,
          hangedman_glass_teeth, minivault_20,
          minmay_the_grid_square_5x5_3x3_mashed
          [minmay_the_grid_square_5x5_minibox, minmay_the_grid_square_5x5_inset,
          minmay_the_grid_square_5x5_tie, minmay_the_grid_square_5x5_bridge,
          minmay_the_grid_square_5x5_megaprize_diamond,
          minmay_the_grid_square_5x5_fat_x, minmay_the_grid_square_5x5_c,
          minmay_the_grid_square_5x5_six, minmay_the_grid_square_5x5_mess]

Skill      XL: |  1  2  3  4  5  6  7  8  9 10 11 12 |
---------------+-------------------------------------+-----
Long Blades    | 4 5 6 8 11 14 15 | 15.7
Fighting       | 4 5 6 7 8 10 | 10.4
Armour         | 3 4 5 6 8 9 10 | 10.1
Dodging        | 3 4 5 7 9 |  9.3
Evocations     | 4 5 |  5.8

Action                   |  1- 3 |  4- 6 |  7- 9 | 10-12 || total
-------------------------+-------+-------+-------+-------++-------
Melee: Falchion          |    98 |    80 |   110 |       ||   288
       Headbutt          |     9 |    14 |    30 |    40 ||    93
       Punch             |     1 |       |     2 |       ||     3
       Great sword       |       |       |    76 |   221 ||   297
 Fire: Sling             |       |       |     6 |    56 ||    62
Invok: Berserk           |     4 |     5 |    14 |    14 ||    37
       Trog's Hand       |       |     1 |     1 |     2 ||     4
Evoke: Wand              |       |       |     2 |     1 ||     3
       Tin of tremorston |       |       |       |     1 ||     1
  Use: Scroll            |     5 |     6 |     6 |     6 ||    23
       Potion            |       |     1 |     1 |     3 ||     5
 Stab: Sleeping          |     1 |       |       |       ||     1
Armor: Animal skin       |    21 |       |       |       ||    21
       Ring mail         |    17 |    27 |    21 |       ||    65
       Chain mail        |       |       |    37 |    17 ||    54
       Plate armour      |       |       |       |   173 ||   173
Dodge: Dodged            |    54 |    52 |    97 |   232 ||   435
